Map: Lightshade LE

Players

Elazer - Winner!

  • Race: Zerg Zerg
  • Spawn Location: 5:00

Bunny

  • Race: Terran Terran
  • Spawn Location: 11:00

Event: IEM Katowice 2021

VOD

Have the link to the VOD?

Description

Time

  • Played on: Feb. 20, 2021, 9:07 a.m.
  • Length: 26:07

All games in this series

Show
View Real Time Build Order
Export as new Build Order

Elazer Zerg - Winner!

Build Orders: Hatch First, Lurkers 

Get SALT Encoding   

  12  0:00  Drone  
  13  0:13  Overlord  
  13  0:17  Drone  
  14  0:31  Drone x2  
  16  0:47  Hatchery  
  15  0:50  Drone  
  15  0:54  Drone  
  17  0:57  Drone  
  18  1:07  Extractor  
  17  1:12  Spawning Pool  
  17  1:16  Drone  
  17  1:19  Drone  
  18  1:28  Drone  
  19  1:40  Drone  
  20  1:50  Overlord  
  20  1:59  Queen x2  
  20  2:00  Zergling x2  
  26  2:01  Zergling x2  
  26  2:11  Drone x2  
  28  2:22  Drone x2  
  30  2:29  Hatchery  
  29  2:32  Drone  
  29  2:33  Drone  
  30  2:40  Metabolic Boost  
  30  2:46  Queen  
  32  2:51  Overlord  
  32  2:53  Drone  
  32  2:58  Drone x2  
  35  3:09  Overlord  
  35  3:10  Drone, Queen  
  38  3:13  Drone  
  38  3:15  Drone  
  38  3:18  Drone x2  
  42  3:25  Queen  
  44  3:31  Drone x2  
  44  3:32  Drone  
  47  3:38  Overlord  
  47  3:39  Zergling x4  
  47  3:40  Zergling x2  
  50  3:44  Queen  
  52  3:52  Zergling x4  
  52  3:55  Drone x4  
  58  3:58  Drone  
  58  3:59  Drone  
  58  4:01  Drone  
  61  4:04  Queen  
  61  4:06  Drone  
  61  4:09  Overlord  
  64  4:14  Baneling Nest  
  64  4:15  Drone x2  
  64  4:17  Drone  
  65  4:22  Overlord  
  65  4:27  Spore Crawler x2  
  65  4:28  Drone  
  65  4:30  Zergling x6  
  67  4:32  Drone, Spore Crawler  
  67  4:35  Zergling x2  
  67  4:37  Drone  
  69  4:39  Spore Crawler  
  69  4:41  Drone x3  
  69  4:43  Drone  
  72  4:46  Drone  
  72  4:48  Overlord  
  72  4:49  Drone  
  74  4:54  Drone x4  
  74  4:55  Drone  
  79  5:02  Drone x2  
  80  5:07  Overlord  
  80  5:11  Hatchery, Drone x2  
  80  5:12  Drone  
  80  5:13  Drone x2  
  82  5:14  Drone  
  82  5:19  Evolution Chamber  
  82  5:20  Evolution Chamber, Drone x3  
  83  5:23  Drone  
  83  5:24  Drone  
  83  5:26  Overlord  
  85  5:30  Extractor  
  85  5:31  Lair  
  85  5:32  Drone x2  
  85  5:34  Drone  
  85  5:35  Extractor  
  86  5:42  Overlord  
  86  5:43  Drone x4  
  86  5:44  Drone  
  86  5:46  Extractor  
  86  5:48  Zerg Ground Armor Level 1, Zerg Melee Weapons Level 1  
  90  5:50  Drone x3  
  90  5:53  Drone x2  
  95  5:57  Overlord  
  95  5:59  Drone x4  
  95  6:00  Drone  
  95  6:03  Drone  
  101  6:07  Overlord  
  101  6:08  Drone  
  101  6:10  Drone x2  
  104  6:13  Baneling x4  
  104  6:15  Baneling  
  104  6:17  Zergling x2  
  104  6:18  Zergling x2  
  106  6:23  Zergling x10  
  111  6:29  Centrifical Hooks, Queen x2  
  111  6:30  Queen x2  
  119  6:34  Zergling x2  
  119  6:35  Zergling x10  
  119  6:36  Overlord  
  119  6:39  Zergling x6  
  127  6:49  Zergling x4  
  127  6:50  Zergling x4  
  127  6:54  Overlord  
  131  6:56  Baneling x5  
  131  6:57  Zergling x8  
  131  6:59  Drone  
  136  7:01  Zergling x2  
  136  7:02  Hatchery  
  136  7:03  Overlord x2  
  136  7:08  Pneumatized Carapace  
  136  7:09  Burrow  
  136  7:13  Zergling x16  
  144  7:21  Zergling x6  
  146  7:33  Zergling x24  
  146  7:34  Baneling  
  146  7:35  Baneling x5  
  158  7:41  Baneling x10, Spore Crawler  
  156  7:44  Overlord  
  156  7:47  Zergling x6  
  156  7:48  Hatchery  
  158  7:55  Baneling x7  
  158  7:56  Baneling  
  158  7:57  Baneling  
  152  8:02  Zergling x22  
  158  8:07  Zergling x10  
  162  8:12  Infestation Pit  
  162  8:18  Zergling x2  
  162  8:19  Zergling x8  
  161  8:23  Zergling x4  
  159  8:29  Zergling x12  
  154  8:37  Drone x3, Spore Crawler  
  154  8:39  Overseer  
  156  8:42  Drone x10  
  156  8:47  Overlord  
  166  8:49  Extractor, Drone x3  
  166  8:51  Hive  
  166  8:53  Drone x2  
  166  8:54  Spore Crawler x2  
  168  8:56  Zergling x10  
  173  9:08  Zergling x14  
  180  9:10  Baneling x7  
  180  9:16  Baneling x8  
  175  9:30  Zergling x22  
  181  9:36  Extractor, Spore Crawler  
  181  9:37  Drone x2, Spore Crawler  
  181  9:38  Extractor, Spore Crawler  
  179  9:40  Hydralisk Den, Drone  
  179  9:41  Drone x2  
  179  9:42  Zergling x16  
  188  9:47  Baneling x15  
  186  9:54  Overlord  
  177  10:02  Zergling x20  
  177  10:06  Overseer x3  
  173  10:07  Zerg Ground Armor Level 2  
  173  10:16  Zerg Melee Weapons Level 2  
  173  10:17  Overlord  
  173  10:18  Extractor  
  166  10:22  Extractor, Drone x14  
  166  10:23  Drone x2  
  166  10:24  Drone x2  
  166  10:27  Spore Crawler  
  166  10:28  Spore Crawler  
  181  10:29  Lurker Den  
  181  10:31  Extractor  
  181  10:33  Drone x3  
  181  10:34  Overlord  
  182  10:42  Zergling x18  
  191  10:51  Baneling x14, Spore Crawler  
  191  10:52  Zergling x22, Spore Crawler  
  191  11:03  Zergling x10  
  175  11:06  Zergling x4  
  175  11:09  Grooved Spines  
  176  11:17  Hydralisk x12  
  200  11:21  Overlord  
  200  11:23  Hatchery  
  200  11:24  Hatchery  
  198  11:30  Overseer  
  198  11:31  Overseer  
  197  11:40  Seismic Spines, Adrenal Glands  
  197  11:53  Baneling x12  
  182  11:54  Viper  
  182  11:57  Zergling x32  
  197  12:06  Zergling x10  
  193  12:20  Muscular Augments  
  186  12:24  Drone x3  
  186  12:25  Drone  
  178  12:37  Adaptive Talons  
  178  12:47  Lurker x4  
  178  12:48  Zergling x24  
  191  12:56  Zergling x12  
  181  13:00  Hydralisk x5  
  181  13:02  Lurker x4  
  181  13:03  Lurker x3  
  198  13:09  Zergling x2  
  198  13:14  Zerg Missile Weapons Level 1, Zerg Ground Armor Level 3  
  198  13:29  Spore Crawler  
  198  13:34  Spore Crawler  
  196  13:35  Spore Crawler  
  194  13:43  Zergling x16  
  197  14:00  Hydralisk x4  
  187  14:16  Hydralisk x9  
  167  14:24  Zergling x24  
  189  14:28  Lurker x4  
  193  14:37  Hydralisk x3  
  199  14:58  Hatchery  
  199  14:59  Hydralisk x6  
  197  15:01  Overseer x6  
  197  15:05  Hatchery  
  187  15:08  Lurker x6  
  179  15:31  Zergling x2  
  179  15:32  Zergling x24  
  179  15:35  Zerg Melee Weapons Level 3  
  180  15:39  Lurker x3  
  180  15:40  Hydralisk x2, Lurker x2  
  180  15:41  Zergling x22  
  200  15:44  Spire x2  
  186  16:02  Zergling x24  
  198  16:05  Hatchery  
  194  16:12  Zergling x2, Spore Crawler x2  
  194  16:13  Zergling x6  
  194  16:14  Spore Crawler  
  195  16:31  Lurker x2  
  178  17:00  Zergling x34  
  183  17:03  Hydralisk x8  
  183  17:07  Viper x2  
  199  17:11  Zergling x4  
  199  17:22  Zerg Flyer Armor Level 1, Zerg Flyer Weapons Level 1  
  192  17:27  Hydralisk x2  
  192  17:28  Hydralisk x4  
  192  17:32  Lurker x8  
  196  17:40  Zergling x8  
  191  18:08  Extractor  
  191  18:09  Extractor  
  191  18:10  Zergling x34  
  198  18:19  Hydralisk  
  187  18:25  Lurker  
  187  18:26  Lurker x2  
  187  18:29  Zergling x2, Hatchery, Overlord x2  
  187  18:30  Overlord x2  
  187  18:32  Zerg Missile Weapons Level 2  
  187  18:48  Zergling x34  
  192  19:13  Hydralisk x3  
  192  19:14  Hydralisk x4  
  192  19:16  Zergling x30  
  187  19:25  Zergling x8  
  187  19:26  Zergling x2  
  177  19:33  Zergling x12  
  177  19:34  Overseer x4  
  182  19:41  Drone  
  182  19:42  Drone x2  
  184  19:48  Hatchery  
  184  19:50  Lurker x6  
  184  19:52  Zergling x18  
  198  19:55  Zerg Flyer Weapons Level 2, Zerg Flyer Armor Level 2  
  197  20:14  Zergling x2  
  197  20:15  Zergling x4  
  178  20:44  Hydralisk x6  
  178  20:46  Drone x12  
  178  20:49  Zergling x34  
  183  21:00  Zergling x16  
  191  21:07  Overseer x2  
  191  21:12  Lurker x6  
  197  21:38  Hydralisk  
  182  21:55  Hydralisk x9  
  195  22:03  Overseer x2  
  195  22:11  Zergling x10  
  195  22:12  Zergling x4  
  199  22:21  Baneling  
  184  22:29  Zergling x46  
  194  22:32  Extractor  
  194  22:33  Extractor  
  194  22:34  Spore Crawler x2  
  194  22:35  Spore Crawler  
  183  22:39  Hydralisk  
  165  22:51  Hydralisk x3  
  164  23:00  Zerg Flyer Armor Level 3, Zerg Missile Weapons Level 3  
  164  23:01  Zerg Flyer Weapons Level 3  
  155  23:23  Lurker x8  
  163  23:28  Zergling x2  
  163  23:29  Zergling x20  
  175  23:34  Lurker x4  
  138  24:12  Zergling x20  
  138  24:13  Zergling x6  
  138  24:16  Zergling x2  
  138  24:17  Zergling x26  
  151  24:33  Hydralisk x3  
  151  24:34  Hydralisk x3  
  151  24:35  Viper x2  
  156  25:10  Spore Crawler  
  156  25:13  Spore Crawler  
  154  25:14  Hatchery  
  154  25:15  Lurker x6  
  154  25:16  Zergling x28  
  170  25:28  Zergling x18  
Show
View Real Time Build Order
Export as new Build Order

Bunny Terran 

Build Orders: Reaper Expand, Hellion Banshee 

Get SALT Encoding   

  12  0:00  SCV  
  13  0:12  SCV  
  14  0:17  Supply Depot  
  14  0:24  SCV  
  15  0:39  SCV  
  15  0:40  Barracks  
  16  0:44  Refinery  
  16  0:51  SCV  
  17  1:03  SCV  
  18  1:15  SCV  
  19  1:27  Reaper  
  19  1:28  Orbital Command  
  20  1:39  Command Center  
  20  1:52  Supply Depot  
  20  1:53  SCV  
  21  1:59  Marine  
  22  2:05  SCV  
  23  2:08  Factory  
  23  2:14  Refinery  
  23  2:18  SCV  
  23  2:22  Barracks Reactor  
  24  2:30  SCV  
  25  2:42  SCV  
  26  2:51  Orbital Command  
  26  2:53  Starport  
  26  2:54  SCV  
  27  3:05  Hellion x2  
  31  3:06  SCV  
  31  3:10  Barracks Tech Lab  
  32  3:16  Supply Depot  
  32  3:18  SCV x2  
  34  3:26  Hellion x2  
  38  3:32  SCV x2  
  40  3:36  Banshee, Cloaking Field  
  40  3:37  Marine  
  44  3:44  SCV x2  
  44  3:47  Hellion  
  44  3:48  Hellion  
  50  3:51  Supply Depot  
  50  3:56  SCV x2  
  50  3:59  Barracks Tech Lab  
  52  4:08  SCV x2  
  54  4:14  Command Center  
  54  4:18  Banshee  
  54  4:19  Supply Depot  
  54  4:21  SCV  
  54  4:22  SCV  
  59  4:27  Stimpack  
  59  4:33  SCV  
  59  4:35  SCV  
  61  4:39  Barracks  
  61  4:41  Barracks  
  58  4:45  SCV  
  58  4:47  SCV, Factory Reactor  
  58  4:51  Supply Depot  
  60  4:58  SCV  
  60  4:59  SCV  
  62  5:00  Engineering Bay x2  
  62  5:02  Refinery  
  62  5:03  Refinery  
  62  5:10  SCV  
  62  5:11  SCV  
  64  5:14  Starport Reactor  
  64  5:21  Marine  
  65  5:22  SCV  
  65  5:23  SCV  
  67  5:28  Orbital Command  
  67  5:33  Terran Infantry Weapons Level 1, Terran Infantry Armor Level 1  
  67  5:34  SCV  
  67  5:35  SCV, Marine x2  
  71  5:37  Siege Tank  
  71  5:42  Marine x3  
  75  5:46  SCV  
  75  5:47  SCV  
  79  5:50  Orbital Command  
  79  5:53  Marine x2  
  79  5:54  Supply Depot x2  
  81  5:57  Medivac  
  81  5:58  SCV  
  81  5:59  SCV  
  81  6:00  Marine x3  
  81  6:02  Medivac  
  90  6:06  Combat Shield  
  90  6:07  Supply Depot  
  90  6:10  SCV, Supply Depot  
  91  6:11  SCV  
  91  6:13  Marine  
  91  6:15  Marine  
  91  6:17  Siege Tank  
  97  6:20  Supply Depot  
  97  6:24  SCV x3  
  100  6:28  Marine x3  
  100  6:31  Marine  
  100  6:32  Medivac x2  
  108  6:39  SCV x3  
  111  6:42  Supply Depot  
  111  6:43  Marine  
  111  6:45  Marine  
  111  6:46  Marine x2  
  115  6:49  Marine  
  115  6:51  Siege Tank  
  115  6:53  Supply Depot  
  119  6:54  Supply Depot  
  119  6:55  Supply Depot  
  119  6:57  SCV x3  
  122  7:06  Supply Depot  
  122  7:07  Medivac, Barracks x2  
  124  7:10  Medivac  
  124  7:14  SCV x3  
  129  7:17  Refinery  
  129  7:20  Factory  
  127  7:26  Widow Mine  
  127  7:27  Concussive Shells  
  129  7:30  SCV x3, Armory  
  132  7:37  Medivac  
  132  7:38  Marine  
  132  7:39  Marine x4  
  139  7:52  Command Center  
  139  7:53  Supply Depot  
  139  7:56  Widow Mine, Marine  
  139  7:57  Marauder, Barracks Reactor x2  
  144  8:05  SCV  
  144  8:06  SCV x2  
  135  8:13  Marine x3  
  135  8:14  Marine  
  135  8:17  Widow Mine  
  135  8:18  SCV x2  
  135  8:19  Factory Reactor  
  134  8:29  Terran Infantry Armor Level 2, Terran Infantry Weapons Level 2  
  134  8:31  Drilling Claws  
  123  8:34  SCV x2  
  123  8:35  SCV  
  123  8:40  Marine x6  
  132  8:45  Widow Mine  
  132  8:47  Marauder  
  136  8:51  Marine x2  
  138  8:56  Barracks x2  
  138  8:58  Widow Mine x2, Barracks  
  138  9:00  Sensor Tower  
  142  9:08  Widow Mine  
  142  9:09  Marauder  
  146  9:10  Marine x7  
  146  9:11  Marine  
  146  9:14  SCV x3  
  154  9:19  Widow Mine x2  
  158  9:27  Liberator x2  
  158  9:28  Marine  
  158  9:30  Marauder  
  156  9:32  SCV x2  
  156  9:33  SCV  
  156  9:37  Widow Mine  
  161  9:39  Marine x5  
  161  9:41  Widow Mine x2  
  170  9:47  Command Center  
  170  9:51  Marauder  
  170  9:52  Barracks Tech Lab x2  
  172  9:53  Barracks Tech Lab, Planetary Fortress  
  152  10:03  Marine x7  
  149  10:10  Widow Mine x2  
  149  10:11  Medivac x2  
  149  10:12  Marauder  
  159  10:15  Marauder x2  
  159  10:17  SCV x3  
  162  10:22  Widow Mine  
  162  10:23  Marine x2  
  166  10:29  SCV x3  
  166  10:31  Widow Mine  
  166  10:34  Widow Mine  
  173  10:41  Marauder x4  
  181  10:43  Widow Mine  
  183  10:50  SCV  
  183  10:51  SCV x2  
  183  10:52  SCV  
  183  10:53  Widow Mine  
  183  10:55  Widow Mine  
  183  11:02  Terran Infantry Weapons Level 3  
  170  11:04  Widow Mine  
  169  11:14  Widow Mine, Marine, Marauder x2  
  169  11:15  Marauder x2  
  180  11:18  Marine  
  180  11:19  Marine x6  
  180  11:21  Medivac  
  180  11:23  Sensor Tower  
  189  11:32  Marine  
  189  11:36  Marauder x3  
  196  11:40  Marauder  
  196  11:42  Planetary Fortress  
  196  11:43  Marine x2  
  200  11:53  Factory Tech Lab  
  198  11:57  Marauder  
  200  12:01  Factory  
  200  12:04  Terran Vehicle Weapons Level 1  
  192  12:09  Refinery x2  
  192  12:11  Command Center  
  192  12:15  Siege Tank  
  195  12:17  Command Center  
  181  12:24  Marine, Siege Tank  
  181  12:25  Marine x6  
  186  12:31  Marauder x4, Marine  
  186  12:34  SCV  
  186  12:37  SCV  
  189  12:39  Refinery x2  
  189  12:42  Marine x3  
  189  12:43  Marine x2  
  190  12:47  SCV  
  190  12:49  SCV, Marine x3  
  191  12:52  Marine x4, Siege Tank  
  191  12:56  Siege Tank  
  191  12:59  SCV  
  191  13:01  SCV, Factory Tech Lab  
  193  13:10  Marauder x3  
  193  13:11  SCV  
  200  13:19  Ghost Academy  
  200  13:29  Orbital Command  
  200  13:31  Command Center  
  200  13:34  Command Center  
  198  13:41  Terran Infantry Armor Level 3  
  194  13:52  Siege Tank x2  
  196  14:03  Siege Tank  
  179  14:23  Ghost x2, Sensor Tower  
  179  14:24  Ghost x2, Siege Tank  
  179  14:25  Siege Tank  
  179  14:29  SCV  
  190  14:34  Personal Cloaking  
  190  14:35  Siege Tank  
  190  14:37  Marine  
  190  14:38  Marine x7  
  195  14:41  SCV  
  195  14:45  Orbital Command  
  194  14:46  Missile Turret  
  194  14:49  Orbital Command  
  194  14:52  Ghost x2  
  196  14:53  SCV  
  199  15:00  Missile Turret  
  199  15:05  SCV  
  197  15:25  Orbital Command  
  197  15:28  Ghost, Orbital Command  
  185  15:29  Ghost x2  
  179  15:45  Siege Tank x2  
  179  15:57  Siege Tank  
  179  16:00  Nuke  
  179  16:01  Ghost x2  
  179  16:02  Ghost x2, Missile Turret x2, Sensor Tower  
  188  16:17  Siege Tank x2  
  194  16:19  SCV x3  
  197  16:30  Ghost  
  199  16:33  Terran Vehicle Weapons Level 2  
  199  16:34  Hi-Sec Auto Tracking  
  199  16:35  Missile Turret x3  
  199  16:36  Missile Turret  
  199  16:41  Refinery  
  199  16:43  Refinery  
  199  16:52  Orbital Command  
  170  17:01  Ghost x2  
  170  17:04  Siege Tank  
  170  17:05  Siege Tank x2  
  170  17:06  Marine x9  
  174  17:24  Missile Turret  
  165  17:39  Siege Tank x2  
  165  17:41  Ghost  
  165  17:42  Ghost  
  173  17:48  Marauder, Marine  
  173  17:49  Marauder  
  178  17:51  SCV  
  178  17:52  SCV x4, Planetary Fortress  
  181  18:01  Siege Tank  
  176  18:10  Marauder x2  
  176  18:11  Siege Tank  
  164  18:20  Siege Tank  
  164  18:24  Marauder x2, Marine x8  
  168  18:31  Marauder  
  168  18:33  Siege Tank  
  173  18:35  Marine  
  174  18:42  Marine x5  
  174  18:43  Siege Tank  
  184  18:48  Marauder  
  184  18:49  Marauder  
  184  18:50  Marine x3  
  184  18:52  Marine x2, Siege Tank  
  181  18:59  Medivac x2, Marine  
  181  19:00  Marine x2  
  181  19:05  Siege Tank  
  181  19:09  Ghost  
  181  19:16  Ghost x2  
  163  19:22  Marine x6  
  163  19:23  Marine x2  
  171  19:28  SCV x5  
  167  19:36  Orbital Command  
  164  19:43  Medivac x2  
  164  19:45  SCV  
  165  19:48  Terran Vehicle Weapons Level 3  
  165  19:49  Marine  
  165  19:50  Marine x4  
  168  20:02  Missile Turret  
  168  20:14  SCV  
  168  20:15  SCV x6  
  175  20:26  SCV  
  170  20:31  Nuke  
  170  20:34  Orbital Command  
  142  20:57  Ghost x2  
  142  20:58  Ghost x2  
  142  21:00  Marine x7, Missile Turret  
  142  21:01  Sensor Tower  
  142  21:02  Marine  
  158  21:07  Siege Tank x3  
  167  21:18  Marine x4  
  168  21:21  Refinery  
  168  21:22  Refinery, Missile Turret x2  
  171  21:39  Siege Tank x3  
  151  21:48  Ghost  
  140  22:01  Ghost  
  140  22:05  Marine  
  140  22:06  Marine x4  
  140  22:07  Marine x5  
  152  22:11  Siege Tank  
  152  22:14  Missile Turret  
  150  22:28  Ghost  
  115  22:41  Siege Tank  
  115  22:42  Marine  
  115  22:43  Marine x10  
  121  22:44  SCV  
  121  22:46  SCV x3  
  125  22:56  SCV  
  125  22:57  Marine  
  126  23:00  Marine x5  
  126  23:01  Marine, Orbital Command  
  126  23:03  Marine x3  
  126  23:04  Marine  
  136  23:19  Siege Tank x2  
  142  23:20  Marine x6  
  148  23:46  Marine x5  
  148  23:47  Marine x3  
  137  23:51  Siege Tank x2  
  114  24:16  Marauder x3  
  102  24:30  Marine  
  102  24:31  Marine  
  92  24:55  Marine x5  
  94  25:05  Orbital Command  
  90  25:12  Marine  
  87  25:28  Medivac x2  
  86  25:41  Marine x4  

Tags
 
Add a new tag
Caveats
  • Supply blocks, unpowered buildings, or Contaminate may cause inaccurate times.
  • Supply counts are checked every 10 seconds.